Map: Purity and Industry LE

Players

StarGirL - Winner!

  • Race: Zerg Zerg
  • League: Master
  • Spawn Location: 3:00

A.I. 1 (Very Easy)

  • Race: Protoss Protoss
  • Spawn Location: 12:00

VOD

Have the link to the VOD?

Description

Pretty straightforward. Try to use your first 2 lings to deny their worker scout and hide the roach warren.

Time

  • Played on: May 20, 2020, 1:51 a.m.
  • Length: 4:31
Show
View Real Time Build Order
Export as new Build Order

StarGirL Zerg - Winner!

Build Orders: Pool First 

Get SALT Encoding   

  12  0:01  Drone  
  13  0:12  Overlord  
  13  0:17  Drone  
  14  0:31  Drone x2  
  16  0:36  Drone  
  17  0:45  Extractor  
  17  0:48  Drone  
  17  0:50  Spawning Pool  
  17  0:56  Drone  
  17  1:07  Drone  
  18  1:18  Hatchery  
  18  1:24  Drone  
  18  1:29  Drone  
  19  1:37  Queen  
  21  1:44  Overlord  
  21  1:51  Metabolic Boost  
  21  1:54  Zergling x2  
  22  2:04  Drone  
  23  2:09  Roach Warren  
  23  2:15  Overlord  
  22  2:22  Overlord  
  22  2:48  Roach x5  
  32  2:52  Roach  
  32  2:57  Roach  
  36  3:01  Zergling x2  
  39  3:05  Roach  
  39  3:11  Roach  
  41  3:14  Zergling x2  
  41  3:17  Zergling x2  
  43  3:21  Zergling x2  
  43  3:24  Zergling x2  
  46  3:27  Zergling x2  
  46  3:34  Overlord  
  46  3:38  Zergling x2  
  46  3:40  Zergling x2  
  48  3:53  Zergling x8  
  51  3:57  Zergling x2  
  51  3:59  Zergling x2  
  53  4:03  Zergling x2  
Show
View Real Time Build Order
Export as new Build Order

A.I. 1 (Very Easy) Protoss 

Build Orders:  

Get SALT Encoding   

  12  0:00  Probe  
  13  0:13  Probe  
  14  0:19  Pylon  
  14  0:36  Assimilator  
  14  0:42  Gateway  
  14  0:47  Pylon  
  14  1:14  Assimilator  
  14  1:18  Probe  
  15  1:26  Probe  
  16  1:33  Cybernetics Core  
  16  1:34  Probe  
  17  1:44  Probe  
  18  1:56  Probe  
  18  2:00  Warp Gate  
  19  2:04  Probe  
  20  2:11  Stalker  
  22  3:50  Stalker  
  22  3:52  Pylon  
  22  3:57  Probe  
  20  4:05  Pylon  
  20  4:08  Probe  
  20  4:16  Probe  
  14  4:19  Zealot  
Tags
 
Add a new tag
Caveats
  • Supply blocks, unpowered buildings, or Contaminate may cause inaccurate times.
  • Supply counts are checked every 10 seconds.